Unix NetHack Version 5.0.0-0 post-release - last build May 10 2026 23:12:36 (d1fa5d53e341ca933230fdaa984d921c805b60aa,branch:main).

Game began 2026-05-12 18:57:45, ended 2026-05-12 19:47:07.

Drastanta, chaotic female elven Wizard

 ----------
 |........|          -----------
 |........|          |.........|
 |......>..##########..........|
 ---.------         #|.........|
    ##               |.........|
     #               -----.-----
     #                   ##
     ###                ##
 ------|--------        #
 |.............|       ##
 |........[....|       #
 |.......<.....+       #
 |......*......|      ##
 |..............     -[---------
 ---------------     |)[.)[@@.\|
                     |....[.f..+
                     -----------

Drastanta the Conjurer    St:14 Dx:11 Co:14 In:20 Wi:9 Ch:8  Chaotic
Dlvl:7  $:76 HP:0(38) Pw:2(55) AC:9  Xp:5 T:2459 

Latest messages:
 The kobold is killed!
 The large cat bites the hobgoblin.
 The hobgoblin picks up 10 darts.
 The large cat bites the hobgoblin.
 The hobgoblin is killed!
 You see here an iron skull cap.
 Your large cat eats a hobgoblin corpse.
 You see here a curved sword.
 Pick a monster, object or location.
 In what direction? 6
 The spell hits the Elvenking!
 The Elvenking wakes up!
 The Elvenking screams!
 In what direction? 6
 The spell hits the Elvenking!
 You see here an iron skull cap.
 The Elvenking wields an elven broadsword!
 You see here a chest.
 The Elvenking swings his elven broadsword.
 The Elvenking hits!
 The Elvenking swings his elven broadsword.
 The Elvenking hits again!
 Are you sure you want to pray? [yn] (n) y
 You begin praying to Anhur.
 You are surrounded by a shimmering light.
 The Elvenking starts to attack you, but pulls back.
 The Elvenking starts to attack you, but pulls back.
 The Elvenking starts to attack you, but pulls back.
 You finish your prayer.
 You feel that Anhur is well-pleased.
 You are surrounded by a golden glow.
 You hit the Elvenking.
 The Elvenking swings his elven broadsword.
 The Elvenking hits!
 The Elvenking swings his elven broadsword.
 The Elvenking hits again!
 What do you want to throw? [$ or ?*] ?
 Never mind.
 What do you want to throw? [$ or ?*] *
 In what direction? 6
 The carafe crashes on the Elvenking's head and breaks into shards.
 The potion of blindness evaporates.
 The Elvenking swings his elven broadsword.
 The Elvenking hits!
 You die...
 Do you want your possessions identified? [ynq] (y) y
 Do you want to see your attributes? [ynq] (y) y
 Do you want an account of creatures vanquished? [ynaq] (y) y
 Do you want to see your conduct and achievements? [ynq] (y) y
 Do you want to see the dungeon overview? [ynq] (y) y

Inventory:
 Coins    ('$')
  $ - 76 gold pieces
 Amulets  ('"')
  s - a cursed amulet of restful sleep
 Weapons  (')')
  a - a blessed +1 quarterstaff (weapon in hands)
 Armor    ('[')
  C - a cursed -1 pair of gauntlets of fumbling
  b - an uncursed +0 cloak of magic resistance (being worn)
 Comestibles  ('%')
  E - 2 uncursed fortune cookies
  G - 2 uncursed pears
 Scrolls  ('?')
  t - an uncursed scroll of amnesia
  B - a cursed scroll of confuse monster
  F - an uncursed scroll of create monster
  k - an uncursed scroll of enchant weapon
  j - an uncursed scroll of genocide
  i - an uncursed scroll of identify
  r - a cursed scroll of identify
  w - an uncursed scroll of magic mapping
  H - an uncursed scroll of punishment
 Spellbooks  ('+')
  m - an uncursed spellbook of cure blindness
  z - an uncursed spellbook of cure blindness
  l - a blessed spellbook of force bolt
 Potions  ('!')
  p - an uncursed potion of enlightenment
  g - an uncursed potion of fruit juice
  v - an uncursed potion of healing
  u - a blessed potion of levitation
  h - an uncursed potion of restore ability
  x - an uncursed potion of sickness
  D - a potion of holy water
  q - an uncursed potion of water
 Rings    ('=')
  e - an uncursed +1 ring of gain strength (on right hand)
  d - an uncursed ring of stealth (on left hand)
 Wands    ('/')
  c - a wand of undead turning (0:6)
 Tools    ('(')
  o - an uncursed wooden flute
  y - a cursed brass lantern
  n - a magic marker (0:19)

Drastanta the Wizard's attributes:

Background:
 You were a Conjurer, a level 5 female elven Wizard.
 You were chaotic, on a mission for Anhur
 who was opposed by Ptah (lawful) and Thoth (neutral).
 You were right-handed.
 You were in the Dungeons of Doom, on level 7.
 You entered the dungeon 2459 turns ago.
 You had 205 experience points, 115 more were needed to attain level 6.

Basics:
 You had 0 out of 38 hit points.
 You had 2 out of 55 energy points (spell power).
 Your armor class was 9.
 Your wallet contained 76 zorkmids.
 Autopickup was off.

Final Characteristics:
 Your strength was 14 (base:13, limit:18).
 Your dexterity was 11 (limit:18).
 Your constitution was 14 (limit:16).
 Your intelligence was 20 (limit:20).
 Your wisdom was 9 (limit:20).
 Your charisma was 8 (limit:18).

Final Status:
 You weren't hungry.
 You were unencumbered.
 You were wielding a quarterstaff.
 You had basic skill with quarterstaff.

Final Attributes:
 You were piously aligned.
 You were magic-protected.
 You were sleep resistant.
 You had infravision.
 You were stealthy.
 You were warded.
 You are dead.

Miscellaneous:
 You didn't encounter any bones levels.
 Total elapsed playing time was 49 minutes and 18 seconds.

Major events:
 Turn
    1: Drastanta the chaotic female elven Wizard entered the dungeon
 1062: attained the rank of Conjurer (level 3)
 1266: entered the Gnomish Mines
 2459: killed by an Elvenking

Spells:
 Name                 Level Category     Fail Retention
 force bolt             1   attack         0%   81%-90%
 cure blindness         2   healing       27%  76%-100%

Skills:
 Fighting Skills
   bare handed combat [Unskilled]
   riding             [Unskilled]
 Weapon Skills
   dagger             [Unskilled]
   knife              [Unskilled]
   axe                [Unskilled]
   short sword        [Unskilled]
   club               [Unskilled]
   mace               [Unskilled]
   quarterstaff       [Basic]
   polearms           [Unskilled]
   spear              [Unskilled]
   trident            [Unskilled]
   sling              [Unskilled]
   dart               [Unskilled]
   shuriken           [Unskilled]
 Spellcasting Skills
   attack spells      [Basic]
   healing spells     [Unskilled]
   divination spells  [Unskilled]
   enchantment spells [Basic]
   clerical spells    [Unskilled]
   escape spells      [Unskilled]
   matter spells      [Unskilled]

Voluntary challenges:
 Character rerolling was not enabled.
 You were illiterate.
 You never genocided any monsters.
 You never polymorphed an object.
 You never changed form.
 You used no wishes.
Achievements:
 You entered a shop.
 You attained the rank of Conjurer.
 You entered the Gnomish Mines.

 The Dungeons of Doom: levels 1 to 8
    Level 1:
       A fountain.
    Level 2:
       A general store, a fountain.
    Level 3:
       A fountain.
    Level 4:
       A sink.
       Stairs down to The Gnomish Mines.
    Level 5:
       A fountain.
    Level 6:
       A fountain.
    Level 7: <- You were here.
       A throne.
       Final resting place for
          you, killed by an Elvenking.
    Level 8:
 The Gnomish Mines:
    Level 5:


Vanquished creatures:
  a human zombie
  2 bugbears
  a mountain nymph
  a pony
  a yellow light
  2 gnome leaders
  3 elf zombies
  a kitten
  2 dwarves
  a kobold shaman
  a hill orc
  2 giant bats
  3 orc zombies
  2 dwarf zombies
  3 large kobolds
  2 hobgoblins
  a yellow mold
  a red mold
  2 gnomes
  5 gnome zombies
  5 geckos
  7 jackals
  a fox
  4 kobolds
  5 goblins
  2 sewer rats
  a grid bug
  4 lichens
  4 kobold zombies
  6 newts
76 creatures vanquished.

No species were genocided or became extinct.

Game over:
                       ----------
                      /          \
                     /    REST    \
                    /      IN      \
                   /     PEACE      \
                  /                  \
                  |    Drastanta     |
                  |      76 Au       |
                  |   killed by an   |
                  |    Elvenking     |
                  |                  |
                  |                  |
                  |       2026       |
                 *|     *  *  *      | *
        _________)/\\_//(\/(/\)/\//\/|_)_______

Goodbye Drastanta the Wizard...

You died in The Dungeons of Doom on dungeon level 7 with 1239 points,
and 76 pieces of gold, after 2459 moves.
You were level 5 with a maximum of 38 hit points when you died.

